 Dungeon Crawl Stone Soup version 0.27.1-4-g1640c2035a (webtiles) character file.

Game seed: 5128795654150720879

282 Stomo444 the Shield-Bearer (level 6, 0/32 HPs)
             Began as a Vine Stalker Fighter on Nov 17, 2021.
             Killed by nerve-wracking pain
             ... invoked by Grinder
              (10 damage)
             ... on level 4 of the Dungeon.
             The game lasted 00:03:17 (2540 turns).

Stomo444 the Shield-Bearer (Vine Stalker Fighter)   Turns: 2540, Time: 00:03:18

Health: 0/32       AC:  8    Str: 21    XL:     6   Next: 28%
Magic:  0/7        EV:  8    Int:  8    God:
Gold:   88         SH:  9    Dex: 13    Spells: 5/5 levels left

rFire    . . .     SeeInvis .   a - +0 flail
rCold    . . .     Faith    .   c - +0 kite shield
rNeg     . . .     Spirit   +   b - +0 scale mail
rPois    .         Reflect  .   (no helmet)
rElec    .         Harm     .   (no cloak)
rCorr    .         Rampage  .   o - +0 pair of gloves
Will     .....                  (no boots)
Stlth    ..........             (no amulet)
HPRegen  1.10/turn              (no ring)
MPRegen  0.10/turn              (no ring)

@: no status effects
A: fangs 2, regeneration 1, magic shield, antimagic bite, no potion heal 2
a: no special abilities


You were on level 4 of the Dungeon.
You visited 1 branch of the dungeon, and saw 4 of its levels.

You collected 88 gold pieces.

Inventory:

Hand Weapons
 a - a +0 flail (weapon)
Armour
 b - a +0 scale mail (worn)
 c - a +0 kite shield (worn)
 o - a +0 pair of gloves (worn)
Jewellery
 h - a ring of fire
Scrolls
 e - a scroll of silence {unknown}
 j - a scroll of identify {unknown}
 k - a scroll of enchant weapon {unknown}
Potions
 d - a potion of might
 f - a potion of experience {unknown}
 g - a potion of brilliance {unknown}
 i - a potion of curing {unknown}
 l - a potion of magic {unknown}
 m - a potion of invisibility
 n - a potion of lignification {unknown}
 p - a potion of heal wounds {unknown}


   Skills:
 + Level 3.6 Fighting
 + Level 3.0 Maces & Flails
 + Level 3.3 Armour
 + Level 1.9 Dodging
 + Level 3.6 Shields


You had 5 spell levels left.
You didn't know any spells.
Your spell library was empty.

Dungeon Overview and Level Annotations

Branches:
Dungeon (4/15)
 Temple: D:4-7

Altars:
Hepliaklqana

Annotations:
D:4 Grinder


Innate Abilities, Weirdness & Mutations

You have extremely sharp teeth.
Your natural rate of healing is unusually fast.
When hurt, damage is shared between your health and your magic reserves.
Your bite disrupts and absorbs the magic of your enemies.
Potions cannot restore your health.


Message History

Grinder comes into view.
Grinder shouts!
You hear an angry hiss.
An adder comes into view.
Grinder drinks a potion.
Grinder flickers and vanishes!
Deactivating autopickup; reactivate with Ctrl-A.
An adder is nearby!
An adder is nearby!
An adder is nearby!
An adder is nearby!
The adder hisses angrily.
You sock the adder! Your bite misses the adder.
The adder is almost dead.
The adder bites you but does no damage. The adder bites you.
You hit the adder.
The adder is almost dead.
You block the adder's attack. The adder bites you.
You are poisoned.
The adder poisons you!
Your shield and scale mail prevent you from hitting the adder.
Your bite misses the adder.
The adder is almost dead.
You feel sick. You block the adder's attack.
The adder bites you but does no damage.
Unknown command.
Your scale mail prevents you from hitting the adder.
You bite the adder.
You kill the adder!
You feel sick.
You feel sick.
You are no longer poisoned.
HP restored.
You suddenly lose the ability to move!
You can move again.
Something hits you.
You writhe in agony.
Pain shoots through your body! Something hits you!
Pain shoots through your body!
* * * LOW HITPOINT WARNING * * *
Pain shoots through your body!
You die...

.................†.# #
................##.###
..# .........#...##
#...##..#
.............##
##....# ##.......#
#...###....##
.........# #.....##.#
.........## ###..## .#
###.......# #.## #.
##......# #@# ..
##.#.....## #.# #..
##.........## #.# ...
............## #.##
###.....##...###..###
# ##...###....##....#
# ##.## ##....#..### #
##.# #.#...### # #.##
#.##.##


There were no monsters in sight!

Vanquished Creatures
  2 hounds
  Jessica (D:3)
  Natasha (thrice) (D:3)
  7 adders
  A gnoll (D:1)
  A worm (D:4)
  A dart slug (D:3)
  5 ball pythons
  3 bats
  2 endoplasms
  A giant cockroach (D:1)
  2 goblins
  7 hobgoblins
  4 jackals (D:1)
  3 frilled lizards
  2 kobolds
  5 rats
50 creatures vanquished.

Notes
Turn   | Place    | Note
-------+----------+-------------------------------------------
     0 | D:1      | Stomo444 the Vine Stalker Fighter began the quest for the
                  | Orb.
     0 | D:1      | Reached XP level 1. HP: 11/11 MP: 2/2
   228 | D:1      | Reached XP level 2. HP: 16/16 MP: 3/3
   892 | D:1      | Reached XP level 3. HP: 17/19 MP: 4/4
  1841 | D:2      | Reached skill level 1 in Dodging
  1841 | D:2      | Gained mutation: Your natural rate of healing is unusually
                  | fast. [Vine Stalker growth]
  1841 | D:2      | Reached XP level 4. HP: 24/24 MP: 5/5
  1979 | D:3      | Noticed Natasha
  1995 | D:3      | Killed Natasha
  1996 | D:3      | Reached XP level 5. HP: 21/28 MP: 6/6
  2008 | D:3      | Noticed Jessica
  2010 | D:3      | Killed Jessica
  2146 | D:3      | Noticed Natasha
  2155 | D:3      | Killed Natasha
  2229 | D:3      | Found a hazy altar of Hepliaklqana.
  2233 | D:3      | Found a faded altar of an unknown god.
  2247 | D:3      | Reached XP level 6. HP: 30/32 MP: 7/7
  2354 | D:3      | Noticed Natasha
  2361 | D:3      | Killed Natasha
  2513 | D:4      | Noticed Grinder
  2524 | D:4      | Paralysed by something for 6 turns
  2540 | D:4      | Killed from afar by Grinder

Illustrated notes

Levels and vault maps discovered:
D:1:      dpeg_arrival_tiny_h, layout_basic
D:2:      layout_loops_cross
D:3:      layout_rooms, lemuel_crystal_altar, hellmonk_ecumenical_altar_run_dry,
          uniq_jessica, uniq_natasha
D:4:      layout_layer_cave, nicolae_uskayaw_suspiria, kennysheep_little_box,
          slow_altar_1, temple_fountains, uniq_ijyb, uniq_duvessa, uniq_edmund,
          uniq_grinder

Skill      XL: |  1  2  3  4  5  6 |
---------------+-------------------+-----
Maces & Flails | 2 3 |  3.0
Fighting       | 3 |  3.6
Shields        | 3 |  3.6
Dodging        | 1 |  1.9
Armour         | 3 |  3.3

Action                   |  1- 3 |  4- 6 || total
-------------------------+-------+-------++-------
Melee: Flail             |    89 |   110 ||   199
       Bite              |    15 |    20 ||    35
Armor: Scale mail        |    53 |    62 ||   115
Dodge: Dodged            |    33 |    54 ||    87
Block: Kite shield       |    60 |    77 ||   137
